 Dungeon Crawl Stone Soup version 0.18.1-50-g88ac8fd (webtiles) character file.

56 shiningwizard the Conjurer (level 3, -8/23 HPs)
             Began as an Octopode Conjurer on Dec 19, 2016.
             Killed from afar by Sigmund (9 damage)
             ... with a magic dart
             ... on level 2 of the Dungeon.
             The game lasted 00:09:19 (1095 turns).

shiningwizard the Conjurer (Octopode Conjurer)      Turns: 1095, Time: 00:09:20

Health: -8/23      AC:  1    Str:  7    XL:     3   Next: 97%
Magic:  3/6        EV: 12    Int: 18    God:
Gold:   124        SH:  0    Dex: 12    Spells: 1 memorised, 5 levels left

rFire  . . .     SeeInvis .     (no weapon)
rCold  . . .     Gourm    .     (no shield)
rNeg   + . .     Faith    .     (helmet restricted)
rPois  .         Spirit   .     (no amulet)
rElec  .         Dismiss  .     h - ring of positive energy
rCorr  .         Reflect  .     i - ring of flight
SustAt .         Harm     .     (no ring)
MR     .....                    (no ring)
Stlth  ++++......               (no ring)
                                (no ring)
                                (no ring)
                                (no ring)

@: very slightly contaminated, not resistant to hostile enchantments, stealthy
A: almost no armour, amphibious, 8 rings, constrict 8, camouflage 1, gelatinous
body 1
a: Evoke Flight


You were on level 2 of the Dungeon.
You were full.

You visited 1 branch of the dungeon, and saw 2 of its levels.

You collected 124 gold pieces.

Inventory:

Jewellery
 h - a ring of positive energy (left tentacle)
 i - a ring of flight (right tentacle)
Wands
 p - a wand of lightning (8/15)
 q - a wand of confusion (25/48)
Scrolls
 g - a scroll of teleportation {unknown}
 j - 2 scrolls of remove curse {unknown}
 m - 2 scrolls of enchant weapon {unknown}
 o - a scroll of recharging {unknown}
 r - a scroll of identify {unknown}
Potions
 c - a potion of flight {unknown}
 d - a potion of cancellation {unknown}
 e - a potion of ambrosia {unknown}
 k - a potion of might {unknown}
 l - a potion of cure mutation {unknown}
Books
 a - a book of Conjurations

   Spells                             Type                      Level
   a - Magic Dart                     Conjuration                  1
   b - Searing Ray                    Conjuration                  2
   c - Dazzling Spray                 Conjuration/Hexes            3
   d - Fulminant Prism                Conjuration/Hexes            4
   e - Iskenderun's Mystic Blast      Conjuration                  4
   f - Iskenderun's Battlesphere      Conjuration/Charms           5
Comestibles
 b - 3 bread rations
 f - 4 meat rations
 n - a beef jerky


   Skills:
 + Level 1.0 Fighting
 + Level 2.5 Dodging
 + Level 3.7 Stealth
 + Level 2.1 Spellcasting
 + Level 4.5 Conjurations


You had 5 spell levels left.
You knew the following spells:

 Your Spells              Type           Power        Failure   Level  Hunger
a - Magic Dart            Conj           ###.         2%          1    #......


Dungeon Overview and Level Annotations

Branches:
Dungeon (2/15)

Altars:

Annotations:
D:2 Natasha, Sigmund


Innate Abilities, Weirdness & Mutations

You cannot wear most types of armour.
You are amphibious.
You can wear up to eight rings at the same time.
You can use your tentacles to constrict eight enemies at once.
Your skin changes colour to match your surroundings (Stealth).
Your rubbery body absorbs attacks (AC +1).


Message History

Aiming: Magic Dart
Press: ? - help, Shift-Dir - straight line, f/p - Sigmund
Aim: Sigmund, wielding a scythe and wearing a robe (moderately wounded)
The magic dart hits Sigmund.
Sigmund is heavily wounded.
Sigmund gestures wildly while chanting.
Sigmund flickers and vanishes!
Deactivating autopickup; reactivate with Ctrl-A.
Casting: Magic Dart
Confirm with . or Enter, or press ? or * to list all spells.
You can't see any susceptible monsters within range! (Use Z to cast anyway.) Unknown command.
Something hits you.
You tentacle-slap something but do no damage.
Something hits you!
You barely miss something. Your squeeze misses something. Something hits you!
* * * LOW HITPOINT WARNING * * *
A magic dart appears from out of thin air!
The magic dart hits you!
You die...

#h #.#. #.# .## #.#. #.# ..#
... #.# # #.# #.##+###)# #
#.# #..>.....#### #.##
##.....####.. #..##
##.......###.#
########...####.........##.#
...........@..'.........'...
.#######...####.........##.#
#..## ##.[.....###.. #.##
##.....## ### #.# ##...##
#.# ##+## #.# #.# #.# #.#
#.# ##.########


There were no monsters in sight!

Vanquished Creatures
  Ijyb (D:2)
  A dart slug (D:1)
  5 bats (D:1)
  A giant cockroach (D:2)
  3 goblins (D:1)
  A hobgoblin (D:2)
  5 kobolds
  6 giant newts
  4 rats
27 creatures vanquished.

Notes
Turn   | Place    | Note
--------------------------------------------------------------
     0 | D:1      | shiningwizard the Octopode Conjurer began the quest for the Orb.
     0 | D:1      | Reached XP level 1. HP: 11/11 MP: 3/3
     0 | D:1      | Noticed a naga
     1 | D:1      | Noticed a centaur
     3 | D:1      | Noticed a naga
     3 | D:1      | Noticed a human
     6 | D:1      | Noticed a draconian
     7 | D:1      | Noticed an octopode
    14 | D:1      | Noticed a dwarf
    16 | D:1      | Noticed a draconian
    18 | D:1      | Noticed a troll
    18 | D:1      | Noticed a vine stalker
    21 | D:1      | Noticed a centaur
    21 | D:1      | Noticed a gargoyle
    23 | D:1      | Noticed an elf
    23 | D:1      | Noticed a draconian
    25 | D:1      | Noticed an octopode
   139 | D:1      | Reached XP level 2. HP: 12/17 MP: 5/5
   531 | D:1      | Reached XP level 3. HP: 20/22 MP: 6/6
   819 | D:2      | Noticed Ijyb
   830 | D:2      | Killed Ijyb
  1007 | D:2      | Reached skill level 1 in Fighting
  1076 | D:2      | Noticed Sigmund
  1080 | D:2      | Noticed Natasha
  1092 | D:2      | HP: 1/23 [something (10)]
  1095 | D:2      | Killed from afar by Sigmund

Skill      XL: |  1  2  3 |
---------------+----------+-----
Stealth        | 3 |  3.7
Fighting       | 1 |  1.0
Dodging        | |  2.5
Spellcasting   | |  2.1
Conjurations   | |  4.5

Action                   || total
-------------------------++-------
Melee: Unarmed           ||    71
       Constrict         ||    20
       Tentacles         ||    13
 Cast: Magic Dart        ||    11
 Stab: Sleeping          ||     7
       Distracted        ||     1
  Eat: Meat ration       ||     1
Armor: Skin              ||     6
Dodge: Dodged            ||    37
